[Event "*** SCC Grand Prix: Titled Tuesday Blitz"]
[Site "Chess.com"]
[Date "2020.09.08"]
[Round "1"]
[White "Shivagami"]
[Black "Aemulus20"]
[Result "0-1"]
[WhiteElo "2228"]
[BlackElo "2562"]
[TimeControl "180+1"]
[EndTime "10:07:51 PDT"]
[Termination "Aemulus20 won by checkmate"]

1. d4 d5 2. c4 e6 3. Nc3 Be7 4. e4 dxe4 5. Nxe4 Nf6 6. Ng3 b6 7. Nf3 Bb7 8. Bd3 O-O 9. O-O Nbd7 10. Ne5 c5 11. Be3 cxd4 12. Bxd4 Nc5 13. Bc2 Qc7 14. b4 Nce4 15. Nxe4 Bxe4 16. Bxe4 Nxe4 17. Qc2 Nd6 18. Rac1 Nf5 19. Bb2 Bxb4 20. Qe4 Be7 21. Nc6 Bg5 22. Rcd1 Rac8 23. Ne5 Rfd8 24. f4 Bf6 25. g4 Nd6 26. Qc2 Nxc4 27. Rxd8+ Rxd8 28. Rc1 Qc5+ 29. Kh1 Qd5+ 30. Kg1 Bxe5 31. fxe5 Nxb2 32. Qxb2 h6 33. Qc2 Qd4+ 34. Kg2 Qxg4+ 35. Kh1 Qf3+ 36. Kg1 Qe3+ 37. Kh1 Qxe5 38. Qc7 Qxc7 39. Rxc7 Rd1+ 40. Kg2 Rd2+ 41. Kf3 Rxa2 42. Rc8+ Kh7 43. Rc7 Kg6 44. Rc4 f5 45. Rc6 Kf6 46. Kf4 Ra4+ 47. Kf3 b5 48.
Ke3 Ra3+ 49. Kf4 g5# 0-1

[Event "*** SCC Grand Prix: Titled Tuesday Blitz"]
[Site "Chess.com"]
[Date "2020.09.08"]
[Round "1"]
[White "MarcoRiehle"]
[Black "Snegokhod"]
[Result "1-0"]
[WhiteElo "2694"]
[BlackElo "2356"]
[TimeControl "180+1"]
[EndTime "10:07:52 PDT"]
[Termination "MarcoRiehle won by resignation"]

1. e4 c5 2. a3 Nf6 3. e5 Nd5 4. c4 Nc7 5. b4 b6 6. Bb2 Bb7 7. Nf3 Nc6 8. b5 Na5 9. Be2 d5 10. exd6 Qxd6 11. O-O O-O-O 12. d3 f6 13. Nc3 e5 14. Nd2 Ne6 15. Bf3 Nd4 16. Bxb7+ Kxb7 17. Nf3 Kb8 18. Nxd4 cxd4 19. Nd5 Qc5 20. a4 Rxd5 21.
cxd5 Qxd5 22. Qf3 Qxf3 23. gxf3 g5 24. Kg2 Bb4 25. Rac1 h5 26. h3 Bd2 27. Rc2 Bf4 28. Bc1 Nb3 29. Bxf4 gxf4 30. Rc6 Rh6 31. Rd1 Kb7 32. Kh2 Rg6 33. Rg1 Rxg1 34. Kxg1 Nc5 35. a5 Nxd3 36. a6+ Kb8 37. Rxf6 Ne1 38. Rf8+ Kc7 39. Rf7+ Kb8 40. Rb7+ Ka8 41. Kf1 Nxf3 42. Ke2 e4 43. Re7 d3+ 44. Kd1 Kb8 45. Rxe4 Ng1 46.
h4 Kc7 47. Re7+ Kb8 48. Rb7+ Kc8 49. Rxa7 Ne2 50. Ra8+ Kc7 51. Kd2 Nd4 52. Kxd3 Nxb5 53. Rh8 Kc6 54. Rxh5 Na7 55. Rh7 Nb5 56. a7 Nxa7 57.
Rxa7 1-0

[Event "*** SCC Grand Prix: Titled Tuesday Blitz"]
[Site "Chess.com"]
[Date "2020.09.08"]
[Round "1"]
[White "FLamps8"]
[Black "beto-betun"]
[Result "1-0"]
[WhiteElo "2517"]
[BlackElo "2136"]
[TimeControl "180+1"]
[EndTime "10:07:53 PDT"]
[Termination "FLamps8 won by resignation"]

1. e3 Nf6 2. Nf3 g6 3. Bc4 Bg7 4. O-O O-O 5. d4 d5 6. Bb3 c6 7. Re1 Bg4 8. h3 Bxf3 9. Qxf3 Nbd7 10. c3 e5 11. Nd2 e4 12. Qg3 Nh5 13. Qh2 f5 14.
Nf1 Qf6 15. g4 f4 16. gxh5 f3 17. hxg6 Qxg6+ 18. Ng3 h5 19. h4 Nf6 20. Qh3 Ng4 21. Kf1 Kh7 22. Bc2 Rae8 23. b3 Kh6 24. Ba3 Rf7 25. Red1 Bf6 26. Rd2 Bd8 27. Ke1 Qf6 28. Kd1 Qxh4 29. Qxh4 Bxh4 30. Nh1 Rg7 31. Kc1 Nf6 32. Bd6 Reg8 33. Bf4+ Kh7 34. Kb2 Kh8 35. Be5 Rg2 36. Ng3 Kh7 37. Bxf6 Bxf6 38. Nxe4 dxe4 39.
Bxe4+ Kh6 40. Bxf3 Rg1 41. Rdd1 Rxd1 42. Rxd1 h4 43.
e4 Rd8 44. Kc2 Kg5 45. Kd3 Kf4 46. Ke2 Rg8 47. Rh1 Rg5 48. e5 Be7 49. Rxh4+ Kf5 50.
Re4 Ke6 51. Re3 a5 52. c4 a4 53. d5+ cxd5 54. cxd5+ Kf7 55. d6 Ke8 56. dxe7 Kxe7 57. bxa4 1-0

[Event "*** SCC Grand Prix: Titled Tuesday Blitz"]
[Site "Chess.com"]
[Date "2020.09.08"]
[Round "1"]
[White "aljado"]
[Black "PotapovaM"]
[Result "0-1"]
[WhiteElo "2112"]
[BlackElo "2510"]
[TimeControl "180+1"]
[EndTime "10:07:53 PDT"]
[Termination "PotapovaM won on time"]

1. e4 c5 2. Nf3 d6 3. c3 Nf6 4.
Bc4 e6 5. Qe2 Be7 6. O-O Nc6 7.
d4 O-O 8. Bg5 h6 9. Bh4 a6 10. a4 cxd4 11. cxd4 d5 12. exd5 exd5 13. Bd3 Bg4 14. Re1 Bb4 15. Nc3 Nxd4 16. Qe3 Nb3 17. Qf4 Bd6 18. Qxg4 Nxg4 19. Bxd8 Nxa1 20. Bh4 Nb3 21.
Nxd5 Rfe8 22. Rf1 Nc5 23. Bc4 Ne5 24. Nxe5 Bxe5 25. b3 g5 26. Bg3 Kg7 27. f4 Bd4+ 28. Kh1 g4 29. f5 Rad8 30. f6+ Kh7 31. h3 gxh3 32. gxh3 b5 33. axb5 axb5 34. Bxb5 Rg8 35. Rd1 Rxd5 36. Bc4 Rdd8 37. Bc7 Rd7 38. Bb6 Rc8 39.
Rf1 Rc6 40. Ba5 Be5 41. Bb5 Rcd6 42. Bxd7 Rxd7 43. Bb4 Nd3 44. Be7 Rb7 0-1

[Event "*** SCC Grand Prix: Titled Tuesday Blitz"]
[Site "Chess.com"]
[Date "2020.09.08"]
[Round "1"]
[White "dpopadic"]
[Black "frederiksvane"]
[Result "0-1"]
[WhiteElo "2353"]
[BlackElo "2686"]
[TimeControl "180+1"]
[EndTime "10:07:54 PDT"]
[Termination "frederiksvane won on time"]

1. e4 c5 2. Nc3 e6 3. d3 Nc6 4. g4 d5 5. Bg2 dxe4 6. Nxe4 Nf6 7. Nh3 Bd7 8. O-O Qc7 9. Be3 Nxe4 10. Bxe4 Bd6 11. f4 f5 12. Bf3 fxg4 13. Bxg4 O-O-O 14. Ng5 Rde8 15. Qd2 h6 16. Nf7 Rhf8 17. Nxd6+ Qxd6 18. Rae1 Nd4 19. c3 Nf5 20. Bf2 Bc6 21. Re5 b6 22.
Rfe1 Kb7 23. Qe2 Bd7 24. Bf3+ Bc6 25. Bxc6+ Kxc6 26. Rxe6 Rxe6 27. Qxe6 Qxe6 28. Rxe6+ Kd7 29. Re2 Ne7 30. Bg3 Nd5 31. Re4 Nf6 32. Re2 Nd5 33. Re4 Nf6 34. Re2 Rf7 35. Kg2 Nd5 36. Re4 Nf6 37. Re2 Nd5 38. Re4 a5 39. d4 Nf6 40.
Re5 cxd4 41. cxd4 Ng4 42. Re2 Nf6 43. Re5 Ng4 44. Re2 Kd6 45. f5+ Kd5 46. Re6 Rxf5 47.
Rxb6 Kxd4 48. b4 Ne3+ 49. Kh3 Rh5+ 50. Bh4 g5 51. bxa5 Rxh4+ 52. Kg3 Rg4+ 0-1

[Event "*** SCC Grand Prix: Titled Tuesday Blitz"]
[Site "Chess.com"]
[Date "2020.09.08"]
[Round "1"]
[White "Matols"]
[Black "AliKa2810"]
[Result "0-1"]
[WhiteElo "2256"]
[BlackElo "2582"]
[TimeControl "180+1"]
[EndTime "10:07:56 PDT"]
[Termination "AliKa2810 won on time"]

1. d4 Nf6 2. c4 g6 3. g3 Bg7 4. Bg2 O-O 5. Nc3 d6 6. Nf3 Nbd7 7. O-O e5 8. e4 a6 9. h3 Re8 10. Be3 exd4 11. Nxd4 Rb8 12. Qc2 Ne5 13. Nd5 c5 14.
Ne2 Nxd5 15. cxd5 b5 16. Rad1 f5 17. Nf4 fxe4 18. Bxe4 Qf6 19. Kh2 Kh8 20. b3 g5 21. Nh5 Qh6 22. Nxg7 Qxh3+ 23. Kg1 Ng4 24. Rfe1 Qh2+ 25. Kf1 Nxe3+ 26. Rxe3 Bh3+ 27. Ke1 Qg1+ 28. Ke2 Bg4+ 29. f3 Qg2+ 30. Kd3 c4+ 31. Kc3 b4+ 32. Kb2 c3+ 33. Kb1 Qxg3 34. Nxe8 Rxe8 35. Rh1 Re7 36. Re2 Bxf3 37. Bxf3 Qxf3 38. Rxe7 Qxh1+ 39. Qc1 Qxd5 40. Re8+ Kg7 41. Qe1 Qd3+ 42. Kc1 Qf5 43. Qe7+ Kg6 44. Rg8+ Kh5 45. Qe2+ g4 46. Re8 Qf4+ 0-1

[Event "*** SCC Grand Prix: Titled Tuesday Blitz"]
[Site "Chess.com"]
[Date "2020.09.08"]
[Round "1"]
[White "MestreSoares"]
[Black "Olga_Girya"]
[Result "0-1"]
[WhiteElo "2105"]
[BlackElo "2506"]
[TimeControl "180+1"]
[EndTime "10:07:56 PDT"]
[Termination "Olga_Girya won by checkmate"]

1. Nf3 d5 2. b3 Bf5 3. e3 h6 4. d4 e6 5. Be2 Nf6 6. O-O Bd6 7. c4 c6 8. Bb2 O-O 9. Nc3 Nbd7 10. Rc1 Qe7 11. Re1 Rad8 12. h3 Ne4 13. Nxe4 dxe4 14. Nd2 Bg6 15. Nf1 f5 16. Bh5 Bxh5 17. Qxh5 Nf6 18.
Qg6 Nh7 19. Red1 Rf6 20. Qh5 f4 21. d5 Rf5 22. Qg4 h5 23. Qg6 Nf8 24. Qxg7+ Qxg7 25. Bxg7 Kxg7 26. dxc6 bxc6 27. exf4 Rxf4 28. Ne3 Rd7 29.
Rc2 Bc5 30. Rxd7+ Nxd7 31. Rd2 Ne5 32. g3 Nf3+ 33. Kg2 Nxd2 34. gxf4 Bxe3 35. fxe3 Kf6 36. Kf2 e5 37. Ke2 Nf3 38. b4 exf4 39. exf4 Kf5 40.
Ke3 Ne1 41. b5 cxb5 42. cxb5 Nc2+ 43. Kd2 Nb4 44. a4 Kxf4 45. Kc3 e3 46. a5 e2 47.
Kd2 Kf3 48. b6 axb6 49. axb6 Kf2 50. b7 e1=Q# 0-1

[Event "*** SCC Grand Prix: Titled Tuesday Blitz"]
[Site "Chess.com"]
[Date "2020.09.08"]
[Round "1"]
[White "Bastiandash"]
[Black "vladislavkovalev"]
[Result "0-1"]
[WhiteElo "2422"]
[BlackElo "2852"]
[TimeControl "180+1"]
[EndTime "10:07:58 PDT"]
[Termination "vladislavkovalev won by resignation"]

1. d4 Nf6 2. Nf3 g6 3. Bg5 Bg7 4. Nbd2 O-O 5. c3 d6 6. e4 c5 7. dxc5 dxc5 8. Qc2 Nc6 9. Be2 Qc7 10. O-O b6 11. Rfe1 h6 12. Bh4 Nh5 13. a4 Bb7 14.
Nc4 Rad8 15. Rad1 g5 16. Bg3 Nxg3 17. hxg3 e6 18. Rxd8 Rxd8 19. Rd1 g4 20. Nh2 h5 21. Nf1 Rxd1 22. Qxd1 Ne5 23. Nxe5 Qxe5 24. f3 Qc7 25. Qd3 Bc6 26. Bd1 Bh6 27. fxg4 hxg4 28. Bxg4 Qd7 29.
Qc2 Bxa4 30. Qf2 Bc6 31. Bf3 Qd3 32. Qe1 a5 33. g4 a4 34. Qh4 Bg7 35. Qe1 a3 36.
bxa3 Bxc3 37. Qc1 Bd4+ 38. Kh2 Be5+ 39. Ng3 Qd6 40. Qe1 c4 41. Kh3 Bxg3 42. Qxg3 Qxg3+ 43. Kxg3 c3 44. Bd1 Bxe4 45. Kf4 c2 46. Bxc2 Bxc2 47. Ke5 Kg7 48. g5 b5 49. Kd4 Ba4 50. Kc5 Kg6 51. Kb4 Kxg5 52. Kc3 Kg4 0-1

[Event "*** SCC Grand Prix: Titled Tuesday Blitz"]
[Site "Chess.com"]
[Date "2020.09.08"]
[Round "1"]
[White "GothamChess"]
[Black "Batcu"]
[Result "1-0"]
[WhiteElo "2568"]
[BlackElo "2239"]
[TimeControl "180+1"]
[EndTime "10:07:58 PDT"]
[Termination "GothamChess won by resignation"]

1. e4 c5 2. a3 Nc6 3. b4 cxb4 4. axb4 Nxb4 5. c3 Nc6 6. d4 d6 7. Bd3 Nf6 8. f4 g6 9. Nf3 Bg7 10. O-O O-O 11. h3 Qc7 12. Be3 e5 13. fxe5 dxe5 14.
d5 Nb8 15. Qe1 Ne8 16. Qh4 Nd6 17. Ng5 h5 18. g4 f6 19. Ne6 Bxe6 20. dxe6 hxg4 21.
Qxg4 f5 22. Qxg6 fxe4 23. Rxf8+ Kxf8 24. Be2 Nc6 25. Nd2 Ne7 26. Qh7 Qxc3 27. Rf1+ Ke8 28. Bh5+ Kd8 29. Qxg7 Qxe3+ 30. Rf2 Ndf5 31. Qh8+ Kc7 32.
Qxe5+ Nd6 33. Qxd6+ Kxd6 34. Nc4+ Kxe6 35. Nxe3 a5 36.
Bg4+ Ke5 37. Rf7 Nd5 38. Rf5+ Kd4 39. Nxd5 a4 40. Nb6 Ra6 41. Rd5+ Ke3 42. h4 Rxb6 43. Ra5 Rb4 44. h5 Kf4 45. h6 Kg3 46. Bd1 Rb1 47.
Rd5 Rb6 48. h7 Rh6 49. Rh5 Rxh7 50. Rxh7 b5 51. Rb7 a3 52. Rxb5 a2 53. Ra5 1-0

[Event "*** SCC Grand Prix: Titled Tuesday Blitz"]
[Site "Chess.com"]
[Date "2020.09.08"]
[Round "1"]
[White "Fandorine"]
[Black "Ave_Mariia"]
[Result "1-0"]
[WhiteElo "2901"]
[BlackElo "2444"]
[TimeControl "180+1"]
[EndTime "10:08:01 PDT"]
[Termination "Fandorine won by resignation"]

1. d4 Nf6 2. Nf3 e6 3. Bg5 c5 4. e3 Be7 5. Nbd2 O-O 6. c3 d5 7. Bd3 h6 8. Bh4 b6 9. Qe2 Bb7 10. Ne5 Nbd7 11. Bxf6 Nxf6 12. f4 Ne4 13. Nxe4 dxe4 14.
Ba6 Bxa6 15. Qxa6 cxd4 16. Nc6 Qc7 17. Nxd4 Bc5 18. O-O-O Bxd4 19. Rxd4 e5 20. Rxe4 exf4 21. exf4 Rad8 22. Rhe1 Rd7 23. g3 Rfd8 24. Re8+ Kh7 25. Rxd8 Qxd8 26. Qe2 a5 27. Rd1 a4 28. Qc2+ g6 29. Qxa4 b5 30. Qb3 Kg7 31. a3 Qe7 32. Rxd7 Qxd7 33. Qd1 Qh3 34. Qd4+ Kh7 35. Qf2 Qf5 36. Qe2 Qh3 37. Kc2 h5 38. Kb3 h4 39.
Qe7 Kg7 40. Qe5+ Kh7 41. Qf6 Kg8 42. Qd8+ Kg7 43. gxh4 Qxh2 44. Qd4+ Kg8 45. Qf6 Qd2 46. Qd4 Qh2 47. Kb4 Qxh4 48. Kxb5 Qh5+ 49. Kb4 Qh2 50. b3 Qb2 51. a4 Qd2 52. Qxd2 1-0

[Event "*** SCC Grand Prix: Titled Tuesday Blitz"]
[Site "Chess.com"]
[Date "2020.09.08"]
[Round "1"]
[White "ItsCheckM8Mate"]
[Black "Evgeny81"]
[Result "0-1"]
[WhiteElo "2315"]
[BlackElo "2640"]
[TimeControl "180+1"]
[EndTime "10:08:01 PDT"]
[Termination "Evgeny81 won by resignation"]

1. e4 c5 2. Nf3 Nc6 3. d4 cxd4 4.
Nxd4 e5 5. Nb5 a6 6. Nd6+ Bxd6 7. Qxd6 Qe7 8. Qxe7+ Ngxe7 9. c4 d6 10. Be3 f5 11.
Nc3 Be6 12. O-O-O Rd8 13. Bb6 Rd7 14. Be2 O-O 15. Bf3 f4 16. Nd5 Nc8 17. a4 a5 18. b3 Nxb6 19. Nxb6 Rdd8 20. Kb2 Nd4 21. h4 Kf7 22. Rd3 Ke7 23. Rc1 Rf6 24. Nd5+ Bxd5 25.
cxd5 Rf7 26. Rc4 Kf8 27. b4 b6 28. Bh5 Ra7 29. bxa5 Rxa5 30. Bd1 Ke7 31. Rc7+ Rd7 32. Rdc3 Rc5 33. R7xc5 dxc5 34. h5 Kd6 35. Ka3 Ra7 36.
Kb2 Ra5 37. Ra3 c4 38. Rc3 Kc5 39. h6 gxh6 40. Rh3 b5 41. axb5 Nxb5 42. Rxh6 c3+ 43. Kc1 Ra1+ 44. Kc2 Nd4+ 45. Kxc3 Rxd1 46. Rxh7 Rc1+ 47.
Kd2 Rc2+ 48. Ke1 Re2+ 49. Kf1 Rxe4 50. g3 fxg3 51. fxg3 Kxd5 0-1

[Event "*** SCC Grand Prix: Titled Tuesday Blitz"]
[Site "Chess.com"]
[Date "2020.09.08"]
[Round "1"]
[White "ailime26"]
[Black "woodpusher52"]
[Result "0-1"]
[WhiteElo "1895"]
[BlackElo "2478"]
[TimeControl "180+1"]
[EndTime "10:08:01 PDT"]
[Termination "woodpusher52 won by checkmate"]

1. e4 e5 2. Nf3 Nc6 3. Nc3 Nf6 4. d4 exd4 5. Nxd4 Bb4 6. Nxc6 bxc6 7. Bd3 d5 8. exd5 O-O 9. O-O cxd5 10. Bg5 c6 11. Qf3 h6 12. Bxf6 Qxf6 13. Qxf6 gxf6 14.
Rab1 Be6 15. Ne2 c5 16. b3 Ba5 17. Nf4 Bc7 18. Nh5 Bd8 19. Rbe1 Bg4 20. Nf4 d4 21. f3 Bd7 22. Nh5 a5 23. Re4 Bf5 24. Rf4 Bxd3 25. cxd3 Ra6 26. Rf5 Be7 27. Re1 Re6 28.
Re4 Kh7 29. Kf2 Kg6 30. Rd5 Rxe4 31. fxe4 a4 32. Nf4+ Kg7 33. Rd7 Re8 34. bxa4 Bf8 35. Ra7 c4 36. dxc4 Rxe4 37. Nd5 d3 38. Rc7 d2 39. Nc3 Bb4 40. Nd1 Re1 41. a5 Rxd1 42. Rd7 Bxa5 43. c5 Re1 44. c6 d1=Q 45. Rxd1 Rxd1 46.
Ke2 Rc1 47. g3 Rxc6 48. Kf3 Rc2 49. Kg4 Rxa2 50. Kh3 Bc7 51. Kg4 Ra3 52. Kh3 Bd6 53. Kg4 Bf8 54. Kh3 Kg6 55. Kg4 Bg7 56.
Kh3 f5 57. Kh4 Kf6 58. Kh5 Ra2 59. Kh4 Rxh2# 0-1

[Event "*** SCC Grand Prix: Titled Tuesday Blitz"]
[Site "Chess.com"]
[Date "2020.09.08"]
[Round "1"]
[White "Fischerev7"]
[Black "Harsha_Bharathakoti"]
[Result "0-1"]
[WhiteElo "2405"]
[BlackElo "2804"]
[TimeControl "180+1"]
[EndTime "10:08:02 PDT"]
[Termination "Harsha_Bharathakoti won on time"]

1. d4 d5 2. c4 e6 3. Nc3 c6 4.
Nf3 Nf6 5. Bg5 h6 6. Bxf6 Qxf6 7. e3 g6 8. Be2 Bg7 9. O-O O-O 10. Ne5 Nd7 11. f4 Qe7 12. cxd5 exd5 13. Qd2 Re8 14.
Rae1 Nf6 15. Bd3 Bd7 16. f5 g5 17. Qf2 Qd6 18. h4 Rxe5 19. dxe5 Qxe5 20. hxg5 hxg5 21. Qf3 Bf8 22. e4 Bc5+ 23. Kh1 Kg7 24. g3 d4 25.
Nd1 Bd6 26. Kg2 c5 27. Nf2 Rg8 28. Ng4 Nxg4 29. Qxg4 Kf6 30. Rh1 b5 31. b3 Ke7 32.
Rh7 a6 33. Rf1 Qf6 34. Qh5 Be5 35. Rh6 Rh8 36. Rxh8 Qxh8 37. Qxh8 Bxh8 38. Rh1 Be5 39. Rh6 f6 40. Rh7+ Kd6 41. Be2 Bc6 42. Bf3 c4 43.
bxc4 bxc4 44. Kf2 d3 45. Ke1 c3 46. Kd1 c2+ 47. Kc1 Bd4 48. Rh1 Be3+ 49. Kb2 Ke5 0-1

[Event "*** SCC Grand Prix: Titled Tuesday Blitz"]
[Site "Chess.com"]
[Date "2020.09.08"]
[Round "1"]
[White "SaraciNderim"]
[Black "freshfoodcompany"]
[Result "1-0"]
[WhiteElo "2678"]
[BlackElo "2343"]
[TimeControl "180+1"]
[EndTime "10:08:02 PDT"]
[Termination "SaraciNderim won by resignation"]

1. b3 d5 2. Bb2 Nf6 3. e3 c5 4. Nf3 Nc6 5. d4 Bg4 6. Be2 e6 7. O-O Be7 8. dxc5 Bxc5 9. a3 O-O 10. b4 Be7 11. Nbd2 a6 12. c4 dxc4 13. Nxc4 Nd5 14. h3 Bf5 15. Rc1 Bf6 16. Nd4 Nxd4 17. Bxd4 Bxd4 18.
Qxd4 Qf6 19. Qxf6 Nxf6 20. Nd6 Be4 21. Rc7 Ne8 22. Nxe8 Rfxe8 23. Bf3 Bxf3 24. gxf3 b5 25. Rd1 Rec8 26. Rb7 Rcb8 27. Re7 Re8 28. Rxe8+ Rxe8 29. Rd7 Ra8 30. Rb7 g6 31. Kg2 Kg7 32. f4 Kf6 33. Kf3 h5 34. Ke4 h4 35. Kf3 a5 36.
Rxb5 axb4 37. axb4 Ra1 38. Rb8 Rh1 39. b5 g5 40.
fxg5+ Kxg5 41. b6 Rb1 42. b7 Kf5 43. Ke2 Ke5 44. Kd3 Kf5 45. Kd4 Rd1+ 46. Kc5 Rc1+ 47.
Kd6 Rd1+ 48. Ke7 Rc1 49. Rc8 Rc7+ 50. Rxc7 Ke5 51. b8=Q Ke4 52. Kxf7 Kf3 53. Kxe6 Kxf2 54. Rf7+ Kxe3 55. Qb3+ 1-0

[Event "*** SCC Grand Prix: Titled Tuesday Blitz"]
[Site "Chess.com"]
[Date "2020.09.08"]
[Round "1"]
[White "Justinz"]
[Black "baki83"]
[Result "1-0"]
[WhiteElo "2414"]
[BlackElo "2757"]
[TimeControl "180+1"]
[EndTime "10:08:03 PDT"]
[Termination "Justinz won on time"]

1. e4 d6 2. d4 Nf6 3. Nc3 g6 4.
f3 Bg7 5. Be3 a6 6. Qd2 Nc6 7.
Nge2 e5 8. h4 b5 9. d5 Ne7 10.
Bh6 Bxh6 11. Qxh6 Rf8 12. Ng3 Bb7 13. h5 c5 14. dxc6 Nxc6 15. O-O-O Rc8 16. Kb1 Nd4 17.
Bd3 Qe7 18. hxg6 fxg6 19. Nce2 Ne6 20. Qd2 h5 21. Nf1 Kf7 22. Ne3 Rh8 23. Nc3 Kg7 24.
Ncd5 Nxd5 25. exd5 Nc5 26. Be2 Qf6 27. g4 h4 28. g5 Qf4 29. Rhg1 Rcf8 30. Rg4 Qh2 31. Rg2 Qh3 32. Rdg1 Bc8 33. Bd1 Bd7 34. Rh2 Rxf3 35.
Rxh3 Rxh3 36. Ng4 Rg3 37. Rxg3 hxg3 38. Nh6 Rf8 39. Qg2 Rf2 40. Qxg3 Rf1 41. Kc1 Bf5 42. Ng4 Ne4 43. Qg2 Re1 44. Nf6 Nxf6 45. gxf6+ Kxf6 46. Qf2 Rh1 47. b3 g5 48. a4 g4 49. Kd2 Kg5 50. Qe3+ Kg6 51. Be2 Rh2 52. axb5 Rh3 53. Qf2 Re3 54. Qxe3 1-0

[Event "*** SCC Grand Prix: Titled Tuesday Blitz"]
[Site "Chess.com"]
[Date "2020.09.08"]
[Round "1"]
[White "belisarius64"]
[Black "ClydeHillKid"]
[Result "1-0"]
[WhiteElo "2673"]
[BlackElo "2337"]
[TimeControl "180+1"]
[EndTime "10:08:03 PDT"]
[Termination "belisarius64 won by checkmate"]

1. e4 e6 2. d4 d5 3. Nc3 Nf6 4. e5 Nfd7 5. f4 c5 6. Nf3 Nc6 7.
Be3 a6 8. Qd2 b5 9. a3 Qb6 10.
dxc5 Bxc5 11. Bf2 Bb7 12. Bd3 b4 13. axb4 Nxb4 14. Na4 Bxf2+ 15. Qxf2 Qxf2+ 16. Kxf2 Bc6 17. Nd4 Bxa4 18. Rxa4 a5 19. Rha1 O-O 20. Bf1 g5 21. c3 Na6 22. Rxa5 Nc7 23. Ra7 gxf4 24. Rxc7 Rxa1 25. Rxd7 Rfa8 26. Rb7 R8a2 27. Bd3 Rh1 28. h3 Rd1 29. Ke2 Rg1 30. Kf3 Rd1 31. Be2 Rd2 32.
b4 Ra3 33. Rc7 Rb2 34. b5 Rb4 35. Kxf4 Rb2 36. Bh5 h6 37. Bxf7+ Kh8 38. Bg6 Kg8 39. Nxe6 Ra8 40. Rg7+ Kh8 41. Rb7 Kg8 42. Bf7+ Kh8 43.
Bg6 Ra4+ 44. Kf5 Ra8 45. Nf4 Rf2 46. g3 Rf3 47. Ke6 Rxg3 48. Bf5 Rf3 49. Ng6+ Kg8 50.
Bg4 Rxc3 51. Kd6 Rd8+ 52. Rd7 Rxd7+ 53. Bxd7 Rb3 54. e6 d4 55. e7 Re3 56. Be6+ Kg7 57.
e8=Q d3 58. Qf7# 1-0

[Event "*** SCC Grand Prix: Titled Tuesday Blitz"]
[Site "Chess.com"]
[Date "2020.09.08"]
[Round "1"]
[White "Martins-BR"]
[Black "GregShahade"]
[Result "0-1"]
[WhiteElo "2267"]
[BlackElo "2593"]
[TimeControl "180+1"]
[EndTime "10:08:06 PDT"]
[Termination "GregShahade won on time"]

1. e4 e5 2. Nf3 Nc6 3. d4 exd4 4.
Nxd4 Nf6 5. Nc3 Bb4 6. Nxc6 bxc6 7.
Bd3 d5 8. exd5 O-O 9. O-O Bg4 10.
f3 Bh5 11. dxc6 Qd4+ 12. Kh1 Bxc3 13. bxc3 Qxc3 14. Rb1 Qxc6 15. Bb2 Bg6 16. Bxg6 hxg6 17. Qd3 Rad8 18. Qc3 Qxc3 19. Bxc3 Nd5 20. Bd2 Nb6 21. Bb4 Rfe8 22. Rfe1 f6 23. Kg1 Kf7 24. Kf2 Rd7 25.
Rxe8 Kxe8 26. Rb3 Kf7 27. Ra3 c6 28. Bc5 Nc8 29. Rc3 Rd2+ 30. Kg3 Ke6 31. Bb4 Kd7 32.
Rxc6 Rd4 33. c3 Rd2 34. Ra6 Re2 35. Bc5 Kc7 36. Ra4 Kb7 37. Bd4 a6 38. Rb4+ Kc6 39. Rc4+ Kd7 40. Ra4 Re6 41. Kf4 Ne7 42. g4 Nd5+ 43.
Kg3 Nc7 44. Rb4 Re2 45. a4 g5 46.
Rb7 Kc6 47. Rb6+ Kd7 48. Rb7 Kc8 49. Rb6 Nd5 50. Rd6 Nf4 51. Bf2 Rc2 52. Rxa6 Rxc3 0-1

[Event "*** SCC Grand Prix: Titled Tuesday Blitz"]
[Site "Chess.com"]
[Date "2020.09.08"]
[Round "1"]
[White "AlexTriapishko"]
[Black "Chessmatus"]
[Result "1-0"]
[WhiteElo "2752"]
[BlackElo "2393"]
[TimeControl "180+1"]
[EndTime "10:08:07 PDT"]
[Termination "AlexTriapishko won by resignation"]

1. Nf3 c5 2. g3 d5 3. Bg2 Nf6 4. O-O e6 5. b3 Be7 6. Bb2 O-O 7.
c4 d4 8. e3 Nc6 9. exd4 cxd4 10.
Re1 Re8 11. Ne5 Nxe5 12. Rxe5 Bd6 13. Bxd4 Bxe5 14. Bxe5 Qd3 15. Nc3 Qf5 16. Qe2 Ng4 17. Bd6 Rd8 18. c5 Nf6 19. d4 Ne8 20. Bf4 Rxd4 21.
c6 bxc6 22. Bxc6 Rxf4 23. Bxa8 Rd4 24. Bg2 Bd7 25. Rc1 Qc5 26. Qe3 Qd6 27. h4 Nf6 28. Bf3 h6 29. Rd1 e5 30. Rxd4 exd4 31. Qd2 Qe5 32. Ne2 d3 33. Qxd3 Qa1+ 34. Kg2 Be6 35.
Qd2 Qe5 36. Nf4 Bg4 37. Qd8+ Kh7 38. Qd3+ g6 39. Qe3 Bxf3+ 40. Qxf3 Qa5 41. Nd3 Kg7 42. a4 Qd5 43. Qxd5 Nxd5 44. b4 Kf6 45. a5 Nc3 46.
Kf3 Ke6 47. Ke3 Kd5 48. g4 Kc4 49. Ne5+ Kxb4 50. Nxf7 Kxa5 51. Kd3 Kb4 52. Nxh6 Kb3 53. h5 a5 54. hxg6 a4 55. g7 a3 56. g8=Q+ 1-0

[Event "*** SCC Grand Prix: Titled Tuesday Blitz"]
[Site "Chess.com"]
[Date "2020.09.08"]
[Round "1"]
[White "CrazyMartian"]
[Black "abykhovsky"]
[Result "0-1"]
[WhiteElo "2308"]
[BlackElo "2633"]
[TimeControl "180+1"]
[EndTime "10:08:07 PDT"]
[Termination "abykhovsky won by checkmate"]

1. d4 Nf6 2. Bf4 g6 3. Nc3 d5 4.
e3 Bg7 5. h4 h5 6. Nf3 Bg4 7.
Be2 Bxf3 8. Bxf3 e6 9. O-O Nbd7 10. Nb5 O-O 11. Bxc7 Qc8 12. Bf4 Qd8 13. Bc7 Qc8 14. Bd6 Rd8 15. Be7 Qc6 16. Bxd8 Qxb5 17. Bxf6 Bxf6 18.
Rb1 Bxh4 19. b3 Nb6 20. Be2 Qa5 21. c4 Rc8 22. c5 Nd7 23. a3 Qc7 24. f4 f5 25.
Bxh5 Kg7 26. Be2 Nf6 27. Rf3 Ne4 28. Bd3 Nc3 29. Qc2 Nxb1 30. Qxb1 Qa5 31. Qc1 Bf6 32. b4 Qa4 33. Rh3 Qb3 34. Be2 Qa2 35. Bf3 b6 36. Rh2 Qb3 37. g4 Bxd4 38. exd4 Qxf3 39. gxf5 exf5 40.
Rf2 Qd3 41. Qe1 Kf7 42. Qe5 Re8 43. Qxd5+ Kg7 44. Kg2 Re3 45. Qd7+ Kh6 46. Qd8 Rg3+ 47. Kh1 Rh3+ 48. Kg2 Qg3+ 49. Kf1 Rh1+ 50. Ke2 Qg4+ 51. Kd2 Qd1+ 52. Kc3 Qc1+ 53. Kd3 Rd1+ 54. Ke2 Qc2+ 55. Kf3 Qe4+ 56. Kg3 Rg1+ 57. Kh3 Qh1+ 58. Rh2 Qf3+ 59. Kh4 Qg4# 0-1

[Event "*** SCC Grand Prix: Titled Tuesday Blitz"]
[Site "Chess.com"]
[Date "2020.09.08"]
[Round "1"]
[White "rpragchess"]
[Black "ajedrezsinlimites"]
[Result "1-0"]
[WhiteElo "2843"]
[BlackElo "2420"]
[TimeControl "180+1"]
[EndTime "10:08:10 PDT"]
[Termination "rpragchess won by resignation"]

1. Nf3 Nf6 2. b3 e6 3. Bb2 Be7 4. e3 O-O 5. Be2 d5 6. O-O b6 7. c4 Bb7 8. d4 a5 9. Nc3 c5 10. Rc1 Nc6 11. cxd5 exd5 12. dxc5 bxc5 13. Na4 Ne4 14.
Nd2 Nb4 15. a3 Nxd2 16. Qxd2 Na6 17. Rfd1 Bf6 18. Bxa6 Bxa6 19. Rxc5 Bxb2 20. Qxb2 Qg5 21. Rcxd5 Qg6 22. Nc5 Bc8 23. Qe5 Bg4 24. f3 Bxf3 25. R1d2 Bxd5 26. Qxd5 Rfe8 27. e4 Qh6 28. h3 Qe3+ 29. Kh1 h5 30. Rd1 Rad8 31. Nd7 Qe2 32. b4 Qxe4 33. Qg5 Qe1+ 34. Rxe1 Rxe1+ 35. Kh2 Rxd7 36.
Qxa5 Rd2 37. Qxh5 Ra1 38. Qf3 Rxa3 39. Qxa3 Rc2 40. Qf3 Ra2 41. Qd5 Rb2 42. Qc5 g6 43. Qc8+ Kh7 44. Qc3 Rb1 45. Qf3 Rxb4 46. Qxf7+ Kh6 47.
Qf8+ 1-0

[Event "*** SCC Grand Prix: Titled Tuesday Blitz"]
[Site "Chess.com"]
[Date "2020.09.08"]
[Round "1"]
[White "omer1997"]
[Black "Revnov"]
[Result "1-0"]
[WhiteElo "2375"]
[BlackElo "2690"]
[TimeControl "180+1"]
[EndTime "10:08:11 PDT"]
[Termination "omer1997 won by checkmate"]

1. e4 c5 2. Nf3 d6 3. c3 Nf6 4.
Bd3 Nbd7 5. O-O b6 6. Bc2 Bb7 7. Re1 c4 8. b3 Rc8 9. bxc4 Rxc4 10. d4 e6 11. Bb2 Be7 12. Nbd2 Rc7 13. a4 a6 14. c4 O-O 15. a5 Qa8 16. e5 dxe5 17. dxe5 Nh5 18. Ne4 Rd8 19. Nd6 Bxf3 20. gxf3 Bxd6 21.
exd6 Rxc4 22. Qd3 Rxc2 23. Qxc2 Qxf3 24. Qc3 Qf5 25. axb6 Nxb6 26. Rxa6 Nd5 27. Qb3 Ndf4 28. Qf3 h6 29. Kh1 Kh7 30. Rea1 Qc2 31. Be5 g5 32.
R6a2 Qf5 33. Bxf4 Nxf4 34. Rd2 Rd7 35. Rad1 Kg7 36. Qc6 e5 37. Qf3 g4 38. Qe3 h5 39.
Re1 Ng6 40. Qe4 Qf6 41. Qd5 Kf8 42. Qc6 Qf5 43. Qc8+ Kg7 44. Qc6 Nh4 45. Qe4 Qxe4+ 46. Rxe4 Nf3 47. Rd1 Kf6 48. Ra4 Ke6 49. Ra6 f6 50.
Kg2 Ng5 51. Ra8 h4 52. Rh8 h3+ 53. Kg3 Kf5 54. Rh5 Ra7 55. d7 Ra3+ 56. Kh4 Kf4 57.
Rxg5 fxg5+ 58. Kh5 Ra7 59. d8=Q Rh7+ 60. Kg6 Ra7 61. Qf6+ Ke4 62. Qf5# 1-0